 Dungeon Crawl Stone Soup version 0.25.1-8-g42b30a86e7 (webtiles) character file.

Game seed: 13767189354067666222

5521 McIrco the Blocker (level 10, -2/90 HPs)
             Began as a Minotaur Fighter on Dec 20, 2020.
             Was an Initiate of Gozag.
             Slain by a catoblepas (27 damage)
             ... on level 8 of the Dungeon.
             The game lasted 00:13:57 (9511 turns).

McIrco the Blocker (Minotaur Fighter)               Turns: 9511, Time: 00:13:58

Health: -2/90      AC: 14    Str: 22    XL:     10   Next: 43%
Magic:  9/9        EV:  8    Int:  5    God:    Gozag
Gold:   677        SH: 14    Dex: 18    Spells: 9/9 levels left

rFire    + . .     SeeInvis .   I - +2 demon blade (flame)
rCold    + . .     Gourm    .   c - +1 kite shield
rNeg     . . .     Faith    +   F - +1 chain mail {rF+}
rPois    .         Spirit   .   (helmet restricted)
rElec    .         Reflect  .   t - +0 cloak
rCorr    .         Harm     .   (no gloves)
MR       .....                  (no boots)
Stlth    ..........             C - amulet of faith
HPRegen  0.25/turn              m - +6 ring of dexterity
MPRegen  0.11/turn              u - ring of protection from cold

@: no status effects
A: retaliatory headbutt, horns 2
a: Potion Petition, Call Merchant, Bribe Branch, Renounce Religion


You were on level 8 of the Dungeon.
You worshipped Gozag.
Gozag was pleased with you.
You were hungry.

You visited 2 branches of the dungeon, and saw 9 of its levels.

You collected 1303 gold pieces.
You spent 504 gold pieces at shops.
You paid 122 gold pieces to Gozag.

Inventory:

Hand Weapons
 a - a +0 long sword
 g - a +5 dagger
 I - a +2 demon blade of flaming (weapon)
Armour
 b - a +0 scale mail
 c - a +1 kite shield (worn)
 t - a +0 cloak (worn)
 F - a +1 chain mail of fire resistance (worn)
Jewellery
 m - a +6 ring of dexterity (left hand)
 u - a ring of protection from cold (right hand)
 C - an amulet of faith (around neck)
 J - an uncursed amulet of guardian spirit {unknown}
Wands
 j - a wand of flame (32)
 l - a wand of paralysis (5)
 E - a wand of polymorph (6)
Scrolls
 i - 6 scrolls of identify
 n - 2 scrolls of teleportation {unknown}
 v - a scroll of fear {unknown}
 x - a scroll of enchant armour
 y - 2 scrolls of amnesia {unknown}
 z - 5 scrolls of remove curse
 B - 2 scrolls of magic mapping {unknown}
 H - a scroll of blinking {unknown}
Potions
 d - a potion of might
 e - 3 potions of haste
 h - a potion of ambrosia
 k - 4 potions of stabbing
 o - 3 potions of degeneration
 p - a potion of magic
 q - 2 potions of invisibility
 s - 3 potions of brilliance
 w - a potion of lignification
 A - a potion of berserk rage
 D - 3 potions of cancellation
 G - 2 potions of flight
Comestibles
 f - 10 rations


   Skills:
 + Level 8.7 Fighting
 - Level 2.4 Long Blades
 + Level 12.2 Armour
 + Level 12.3 Shields


You had 9 spell levels left.
You didn't know any spells.
Your spell library contained the following spells:

 Spells                   Type           Power        Failure   Level  Hunger
 Shock                    Conj/Air       #...         99%         1    ##.....
 Swiftness                Chrm/Air       #.......     99%         2    ###....
 Static Discharge         Conj/Air       #.......     100%        3    ####...
 Airstrike                Air            #.........   100%        4    #####..
 Lightning Bolt           Conj/Air       #.........   100%        5    ######.


Dungeon Overview and Level Annotations

Branches:
Dungeon (8/15)             Temple (1/1) D:5
   Lair: D:8-11

Altars:
Ashenzari
Cheibriados
Dithmenos
Elyvilon
Fedhas
Gozag
Hepliaklqana
Kikubaaqudgha
Makhleb
Nemelex Xobeh
Okawaru
Qazlal
Ru
Sif Muna
Trog
Uskayaw
Vehumet
Wu Jian
Xom
Yredelemnul
Zin
The Shining One

Shops:
D:8 (

Annotations:
D:5 3 runed translucent doors, Descartes's ghost, novice DEAE; generaletaddeo's ghost, novice SpWr


Innate Abilities, Weirdness & Mutations

You reflexively headbutt those who attack you in melee.
You have a pair of horns on your head.


Message History

You hit the catoblepas. You burn the catoblepas.
The catoblepas is almost dead.
The catoblepas gores you.
* * * LOW HITPOINT WARNING * * *
You hit the catoblepas but do no damage.
You headbutt the catoblepas, but do no damage.
The catoblepas is almost dead.
The catoblepas breathes a plume of calcifying dust at you.
The blast of calcifying dust hits you but does no damage.
The catoblepas breathes a plume of calcifying dust at you.
The blast of calcifying dust hits you but does no damage.
The catoblepas gores you!!
* * * LOW HITPOINT WARNING * * *
You feel much better. The catoblepas gores you.
* * * LOW HITPOINT WARNING * * *
You slash the catoblepas! You burn the catoblepas.
The catoblepas is almost dead.
You block the catoblepas's attack. The catoblepas gores you!!
You die...
Your body crumbles into a pile of gold.

...#...#..........#######.#.#.#.#
..######..................#####..
..###..######.....##.#..##.##...#
............#.....#..#.#....#..#.
............#.....####..#####.#.#
............#......#.##...#..#.#.
............#.....#.###.##.##.#..
#####..##...#.............#..#...
##.######...#§§Y@.###'###.###....
............#..§..#P...P#...####.
............+..§..#.###.#..###.##
............#..§..#.#)#.#)####...
............#..§..#.#+#.#..##.#..
##..##)###..#..§..#P. .P#.#....##
######.###'##..§..#######.##.##..
....#...#...+....................
....#...#...#....................


You could see a catoblepas.

Vanquished Creatures
  Harold (D:8)
  A two-headed ogre (D:8)
  A yak (D:8)
  A human (D:7)
  4 hogs (D:7)
  3 steam dragons
  A hungry ghost (D:7)
  Duvessa (D:7)
  An ice beast (D:7)
  2 phantoms
  A sky beast (D:5)
  A hornet zombie (D:7)
  4 centaurs
  A big kobold (D:7)
  4 bullfrogs
  Dowan (D:7)
  5 scorpions
  A howler monkey (D:4)
  A bullfrog zombie (D:5)
  A crimson imp (D:7)
  7 hounds
  A bullfrog skeleton (D:7)
  A gnoll shaman (D:7)
  2 orc priests
  Crazy Yiuf (D:7)
  4 jellies
  3 iron imps (D:6)
  Terence (D:2)
  An iguana (D:7)
  8 orc wizards
  3 worker ants
  2 hound skeletons (D:4)
  A mummy (D:5)
  A howler monkey zombie (D:5)
  8 adders
  9 gnolls
  A shadow imp (D:6)
  An ooze (D:7)
  An adder zombie (D:6)
  5 worms
  3 dart slugs
  7 leopard geckos
  34 orcs
  10 bats
  5 giant cockroaches
  6 hobgoblins
  9 jackals
  15 kobolds
  4 quokkas
  2 ball python skeletons (D:4)
  17 frilled lizards
  3 goblins (D:1)
  A quokka zombie (D:5)
  5 rats
218 creatures vanquished.

Vanquished Creatures (others)
  3 fungi (D:6)
3 creatures vanquished.

Grand Total: 221 creatures vanquished

Notes
Turn   | Place    | Note
-------+----------+-------------------------------------------
     0 | D:1      | McIrco the Minotaur Fighter began the quest for the Orb.
     0 | D:1      | Reached XP level 1. HP: 19/19 MP: 0/0
   219 | D:1      | Reached XP level 2. HP: 27/27 MP: 1/1
   633 | D:1      | Found a shimmering altar of Xom.
   761 | D:1      | Reached XP level 3. HP: 33/33 MP: 2/2
   982 | D:2      | You fall into a shaft and drop 2 floors!
  1003 | D:4      | Noticed a scorpion
  1018 | D:4      | Killed a scorpion
  1018 | D:4      | Reached XP level 4. HP: 20/41 MP: 3/3
  1302 | D:4      | Reached skill level 5 in Armour
  1302 | D:4      | Reached skill level 5 in Shields
  1412 | D:4      | Reached XP level 5. HP: 45/47 MP: 4/4
  1561 | D:4      | Found a bloodstained altar of Trog.
  1675 | D:3      | Reached skill level 5 in Fighting
  1675 | D:3      | Reached XP level 6. HP: 46/56 MP: 5/5
  1742 | D:3      | Found a glowing golden altar of the Shining One.
  1844 | D:3      | Found a shattered altar of Ashenzari.
  2470 | D:2      | Noticed Terence
  2477 | D:2      | Killed Terence
  3045 | D:3      | Reached XP level 7. HP: 59/61 MP: 6/6
  3316 | D:4      | Found a blossoming altar of Fedhas.
  3418 | D:4      | Found an ornate altar of the Wu Jian Council.
  3654 | D:5      | Entered Level 5 of the Dungeon
  3655 | D:5      | Found a staircase to the Ecumenical Temple.
  3694 | Temple   | Entered the Ecumenical Temple
  3834 | Temple   | Became a worshipper of Gozag Ym Sagoz the Greedy
  3904 | D:5      | Found a shimmering blue altar of Sif Muna.
  4204 | D:5      | Found a snail-covered altar of Cheibriados.
  4237 | D:5      | Found a runed translucent gate.
  4238 | D:5      | Found a runed translucent gate.
  4239 | D:5      | Found a runed translucent gate.
  4240 | D:5      | Noticed generaletaddeo's ghost (novice SpWr)
  4241 | D:5      | Noticed Descartes's ghost (novice DEAE)
  4606 | D:5      | Reached XP level 8. HP: 56/70 MP: 7/7
  5405 | D:6      | Found a shadowy altar of Dithmenos.
  5438 | D:6      | Found a sacrificial altar of Ru.
  6234 | D:6      | Found a burning altar of Makhleb.
  6533 | D:7      | Noticed Dowan
  6533 | D:7      | Noticed Duvessa
  6559 | D:7      | Killed Duvessa
  6566 | D:7      | Killed Dowan
  6597 | D:7      | Reached XP level 9. HP: 75/79 MP: 8/8
  6681 | D:7      | Found a sparkling altar of Nemelex Xobeh.
  6682 | D:7      | Found an iron altar of Okawaru.
  6682 | D:7      | Found a shimmering altar of Xom.
  6683 | D:7      | Found a radiant altar of Vehumet.
  6693 | D:7      | Reached skill level 10 in Armour
  6824 | D:7      | Reached skill level 10 in Shields
  7331 | D:7      | Found a runed translucent door.
  7332 | D:7      | Noticed Crazy Yiuf
  7600 | D:7      | Killed Crazy Yiuf
  7912 | D:8      | Noticed a two-headed ogre
  7928 | D:8      | Killed a two-headed ogre
  7928 | D:8      | Reached XP level 10. HP: 24/88 MP: 9/9
  8384 | D:8      | Found Fipydur's Antique Weapon Shoppe.
  8387 | D:8      | Bought a glowing demon blade for 504 gold pieces
  8721 | D:8      | Noticed Harold
  8739 | D:8      | Killed Harold
  9459 | D:8      | Noticed a catoblepas
  9499 | D:8      | HP: 3/90 [catoblepas (28)]
  9509 | D:8      | HP: 1/90 [catoblepas (20)]
  9511 | D:8      | Slain by a catoblepas

Illustrated notes

Levels and vault maps discovered:
D:1:      erik_arrival_blinker_ship, layout_loops_corners, fountainhead,
          xom_teletrap_fun
D:2:      layout_basic, kennysheep_cross_room, minmay_misc_feat_nine_boxes,
          uniq_terence
D:3:      layout_loops_ring, nicolae_ashenzari_panopticon, tso_metal_star,
          minmay_lizard_king
D:4:      wad_crossroads, layout_cave_pods, kennysheep_little_box,
          old_standard_altar, fedhas_altar_2
D:5:      layout_cave_pods, led_sif_book, slow_altar_1,
          minmay_temple_entry_stoned_glass, gammafunk_ghost_cemetery,
          first_ration
D:6:      kennysheep_steamy, layout_basic, nicolae_ru_awakened_eye,
          kennysheep_mini_moat, demons_altar
D:7:      layout_basic, chequers_temple_overflow_statue_of_worship,
          corexii_hall_statues_x, grunt_livestock, uniq_duvessa,
          uniq_crazy_yiuf_cottage
D:8:      layout_gridville, serial_shops, shop, minmay_shattered_shrine,
          uniq_harold
Temple:   chequers_temple_sunken

Skill      XL: |  1  2  3  4  5  6  7  8  9 10 |
---------------+-------------------------------+-----
Armour         | 4 5 6 7 9 11 12 | 12.2
Shields        | 4 5 6 7 9 11 12 | 12.3
Fighting       | 4 5 6 7 8 |  8.7
Long Blades    | |  2.4

Action                   |  1- 3 |  4- 6 |  7- 9 | 10-12 || total
-------------------------+-------+-------+-------+-------++-------
Melee: Long sword        |    24 |       |       |       ||    24
       Dagger            |    59 |   218 |   431 |    18 ||   726
       Headbutt          |    12 |    30 |   121 |    24 ||   187
       Demon blade       |       |       |       |    45 ||    45
  Use: Scroll            |       |     6 |       |     9 ||    15
       Potion            |       |       |     2 |     6 ||     8
  Eat: Chunk             |       |     7 |     3 |       ||    10
       Ration            |       |       |     5 |     1 ||     6
Armor: Scale mail        |    19 |    67 |    31 |       ||   117
       Chain mail        |       |       |    84 |    16 ||   100
Dodge: Dodged            |    19 |    63 |    88 |     5 ||   175
Block: Kite shield       |    33 |   108 |   235 |    26 ||   402
       Rpst.: Long sword |     3 |       |       |       ||     3
       Demon blade       |       |       |       |     1 ||     1
